Unix NetHack Version 5.0.0-0 post-release - last build May  3 2026 23:40:34 (9823c992c0763bbd039eca2974112f46eaf799b3,branch:main).

Game began 2026-05-04 05:24:19, ended 2026-05-04 05:55:41.

08245982402, lawful male human Samurai

                       ---------------------------------
                       |...............................|
                       |..-----..--|----.-----....----.|
                       |..|   |..|..|  |.-   |.---|..|.|
                       |..|   |..|..|  +.|   |.|..|..|.|
                       +..|   |.-----  -.|   |.|..|-|-.|
                       |..-+---.|       .|   |.|..|....|
                       |........|       .|----.--|-..{.|
                       |.-----..--     +-|..|..........|
                       |.|   |...        |..-..--|-....|
                       |.|   -..         |----.|  --+-.|
                       |.-----.----   ---|+?.-.|     |.|
                       |....@..|..|   |..|(!.|.----  |.|
                       |........%.|   |..|%!.|....|  |.|
                       |.{.....---------|-----....----.
                       |.......................)...[...|
                       ---------------------------------

08245982402 the Ronin  St:18/02 Dx:15 Co:18 In:8 Wi:8 Ch:6  Lawful
Dlvl:5  $:32 HP:0(48) Pw:20(20) AC:4  Xp:5 T:1568  Blind

Latest messages:
 You kill the gnome!
 You have trouble lifting a gnome corpse.  Continue? [ynq] (q) q
 The door opens.
 You hear someone cursing shoplifters.
 The goblin throws an orcish dagger!
 An orcish dagger misses you.
 The goblin hits!
 The yellow light flows under the door.
 You kill the goblin!
 You see here an orcish helm.
 You have a little trouble lifting an orcish helm.  Continue? [ynq] (q) n
 You see here an orcish dagger.
 You have a little trouble lifting an orcish dagger.  Continue? [ynq] (q) n
 The door opens.
 "Irasshaimase, 08245982402!  Welcome to Annootok's general store!"
 The yellow light explodes!
 You are blinded by a blast of light!
 The door opens.
 You hear a door open.
 The door opens.
 You hear someone cursing shoplifters.
 This door is locked.
 This door is locked.
 This door is locked.
 This door is locked.
 This door is locked.
 This door is locked.
 You try to feel what is lying here on the floor.
 You feel here an orcish helm.
 You have a little trouble lifting an orcish helm.  Continue? [ynq] (q) n
 You hear a door open.
 You try to feel what is lying here on the floor.
 You feel here an orcish dagger.
 Wait!  There's something there you can't see!
 It gets angry!
 "Halt!  You're under arrest!"
 You hear the shrill sound of guards' whistles.
 You hit it.
 It hits!
 You miss it.
 It hits!
 It hits again!
 You miss it.
 It hits!
 You die...
 Do you want your possessions identified? [ynq] (y) y
 Do you want to see your attributes? [ynq] (y) y
 Do you want an account of creatures vanquished? [ynaq] (y) y
 Do you want to see your conduct and achievements? [ynq] (y) y
 Do you want to see the dungeon overview? [ynq] (y) y

Inventory:
 Coins    ('$')
  $ - 32 gold pieces
 Amulets  ('"')
  g - a cursed amulet of restful sleep
  n - a cursed amulet of strangulation
 Weapons  (')')
  s - 20 +0 arrows
  p - 6 +0 crossbow bolts
  d - 43 +0 ya (in quiver)
  t - a +0 bow
  q - a +0 crossbow
  c - a +0 yumi
  x - 4 blessed +2 darts
  D - a +0 dart
  h - a +0 axe
  a - a +0 katana (weapon in right hand)
  b - a +0 wakizashi (alternate weapon; not wielded)
 Armor    ('[')
  l - an uncursed +0 orcish helm
  y - a cursed -2 pair of gauntlets of fumbling
  e - an uncursed rustproof +0 splint mail (being worn)
 Comestibles  ('%')
  E - a cursed rotten tin of gnome leader meat
 Potions  ('!')
  i - an uncursed potion of confusion
 Rings    ('=')
  r - an uncursed ring of cold resistance
 Wands    ('/')
  v - a wand of striking (0:1)
  u - a wand of striking (0:0)
 Tools    ('(')
  A - a blessed tallow candle
  B - an uncursed tallow candle
 Gems/Stones  ('*')
  z - 2 uncursed worthless pieces of black glass
  C - 2 uncursed worthless pieces of blue glass
  k - 4 uncursed worthless pieces of violet glass
  w - 12 uncursed rocks

08245982402 the Samurai's attributes:

Background:
 You were a Ronin, a level 5 male human Samurai.
 You were lawful, nominally on a mission for Amaterasu Omikami
 who was opposed by Raijin (neutral) and Susanowo (chaotic).
 You were right-handed.
 You were in the Gnomish Mines, on level 5.
 You entered the dungeon 1568 turns ago.
 It was nighttime.
 There was a full moon in effect when your adventure ended.
 You had 302 experience points, 18 more were needed to attain level 6.

Basics:
 You had 0 out of 48 hit points.
 You had all 20 energy points (spell power).
 Your armor class was 4.
 Your wallet contained 32 zorkmids.
 Autopickup was off.

Final Characteristics:
 Your strength was 18/02 (limit:18/100).
 Your dexterity was 15 (limit:18).
 Your constitution was 18 (limit:18).
 Your intelligence was 8 (limit:18).
 Your wisdom was 8 (limit:18).
 Your charisma was 6 (limit:18).

Final Status:
 You were temporarily blind.
 You weren't hungry.
 You were unencumbered.
 You were wielding a long sword.
 You had basic skill with long sword.

Final Attributes:
 You were devoutly aligned.
 You were warded.
 You were fast.
 You were lucky.
 You are dead.

Miscellaneous:
 You didn't encounter any bones levels.
 Total elapsed playing time was 31 minutes and 20 seconds.

Major events:
 Turn
    1: 08245982402 the lawful male human Samurai entered the dungeon
  634: attained the rank of Ronin (level 3)
  844: entered the Gnomish Mines
 1366: reached Mine Town
 1568: killed by a watch captain

You didn't know any spells.

Skills:
 Fighting Skills
   martial arts      [Basic]
   two weapon combat [Unskilled]
   riding            [Unskilled]
 Weapon Skills
   dagger            [Unskilled]
   knife             [Unskilled]
   short sword       [Basic]
   broadsword        [Unskilled]
   long sword        [Basic]
   two-handed sword  [Unskilled]
   saber             [Unskilled]
   flail             [Unskilled]
   quarterstaff      [Unskilled]
   polearms          [Unskilled]
   spear             [Unskilled]
   lance             [Unskilled]
   bow               [Basic]
   shuriken          [Unskilled]
 Spellcasting Skills
   attack spells     [Unskilled]
   divination spells [Unskilled]
   clerical spells   [Unskilled]

Voluntary challenges:
 Character rerolling was not enabled.
 You followed a strict vegan diet.
 You were an atheist.
 You were illiterate.
 You never genocided any monsters.
 You never polymorphed an object.
 You never changed form.
 You used no wishes.
Achievements:
 You attained the rank of Ronin.
 You entered the Gnomish Mines.
 You entered Minetown.
 You entered a shop.

 The Dungeons of Doom: levels 1 to 2
    Level 1:
    Level 2:
       A sink.
       Stairs down to The Gnomish Mines.
 The Gnomish Mines: levels 3 to 5
    Level 3:
    Level 4:
    Level 5: <- You were here.
       A general store, some fountains.
       Final resting place for
          you, killed by a watch captain.


Vanquished creatures:
  a yellow light
  4 gnome leaders
  3 gnomish wizards
  a dwarf
  a centipede
  a yellow mold
 18 gnomes
  a gnome zombie
  a fox
  2 kobolds
  3 goblins
  2 sewer rats
  4 grid bugs
  4 lichens
  a kobold zombie
  2 newts
49 creatures vanquished.

No species were genocided or became extinct.

Game over:
                       ----------
                      /          \
                     /    REST    \
                    /      IN      \
                   /     PEACE      \
                  /                  \
                  |   08245982402    |
                  |      32 Au       |
                  |   killed by a    |
                  |  watch captain   |
                  |                  |
                  |                  |
                  |       2026       |
                 *|     *  *  *      | *
        _________)/\\_//(\/(/\)/\//\/|_)_______

Sayonara 08245982402 the Samurai...

You died in The Gnomish Mines on dungeon level 5 with 1437 points,
and 32 pieces of gold, after 1568 moves.
You were level 5 with a maximum of 48 hit points when you died.

